 Dungeon Crawl Stone Soup version 0.30-a0-778-g2ef04afb54 (webtiles) character file.

Game seed: 11380479201797243789

2887 mistaj the Grappler (level 9, 0/94 HPs)
             Began as a Troll Monk on Feb 16, 2023.
             Was an Elder of Okawaru.
             Killed by the air
             ... invoked by Gastronok
              (26 damage)
             ... on level 8 of the Dungeon.
             The game lasted 00:11:23 (6132 turns).

mistaj the Grappler (Troll Monk)                    Turns: 6132, Time: 00:11:24

Health: 0/94       AC:  6    Str: 23    XL:     9   Next: 48%
Magic:  8/8        EV:  9    Int:  8    God:    Okawaru [****..]
Gold:   340        SH:  8    Dex: 12    Spells: 8/8 levels left

rFire   . . .      SeeInvis .      - Unarmed
rCold   . . .      Faith    +    B - +0 kite shield
rNeg    . . .      Spirit   .    a - +0 robe
rPois   .          Reflect  .    (helmet restricted)
rElec   .          Harm     .    D - +1 cloak
rCorr   .          Rampage  .    (gloves unavailable)
Will    .....                    (boots unavailable)
Stlth   ++                       y - amulet of faith
HPRegen 1.15/turn                (no ring)
MPRegen 0.11/turn                (no ring)

@: lethally poisoned (0 -> -1), slowed, very slow
A: large, unfitting armour, claws 3, regeneration 1, shaggy fur 1, tough skin 1
a: Renounce Religion, Heroism, Finesse


You were on level 8 of the Dungeon.
You worshipped Okawaru.
Okawaru was greatly pleased with you.
You visited 2 branches of the dungeon, and saw 9 of its levels.

You collected 340 gold pieces.

Inventory:

Hand Weapons
 f - a +1 giant club
 A - a +2 heavy war axe
Missiles
 E - 4 throwing nets (quivered)
Armour
 a - a +0 robe (worn)
 B - a +0 kite shield (worn)
 D - a +1 cloak (worn)
Jewellery
 y - an amulet of faith (around neck)
Wands
 s - a wand of flame (49)
 t - a wand of polymorph (11)
Scrolls
 c - a scroll of blinking
 d - 5 scrolls of teleportation
 l - a scroll of fog
 m - a scroll of vulnerability
 u - a scroll of immolation
Potions
 b - 2 potions of ambrosia
 e - 4 potions of attraction
 g - 2 potions of lignification
 i - a potion of flight
 j - 2 potions of magic
 p - 2 potions of haste
 v - a potion of berserk rage
 w - a potion of resistance {unknown}
 x - a potion of heal wounds {unknown}
 F - a potion of mutation {unknown}


   Skills:
 + Level 7.7 Fighting
 - Level 2.4 Dodging
 - Level 1.0 Stealth
 + Level 4.1 Shields
 + Level 9.3 Unarmed Combat


You had 8 spell levels left.
You didn't know any spells.
Your spell library contained the following spells:

 Spells                   Type           Power      Damage    Failure   Level
 Kiss of Death            Conj/Necr      0%         2d5       69%         1
 Sting                    Tmut/Pois      0%         1d3       69%         1
 Poisonous Vapours        Pois/Air       0%         N/A       83%         2
 Confusing Touch          Hex            0%         N/A       96%         3
 Gell's Gravitas          Tloc           0%         N/A       96%         3
 Ignite Poison            Fire/Tmut/Pois 0%         N/A       96%         3
 Ozocubu's Armour         Ice            0%         N/A       96%         3
 Teleport Other           Tloc           0%         N/A       96%         3
 Dispel Undead            Necr           0%         3d6       100%        4
 Olgreb's Toxic Radiance  Pois           0%         N/A       100%        4
 Sticky Flame             Conj/Fire      0%         2d3       100%        4
 Dispersal                Tloc           0%         N/A       100%        6
 Ozocubu's Refrigeration  Ice            0%         4d7       100%        7
 Ignition                 Fire           0%         3d3       100%        8


Dungeon Overview and Level Annotations

Branches:
Dungeon (8/15)             Temple (1/1) D:5            Lair (0/5) D:8

Altars:
Ashenzari
Cheibriados
Dithmenos
Fedhas
Gozag
Nemelex Xobeh
Okawaru
Qazlal
Ru
Sif Muna
Trog
Uskayaw
Vehumet
Wu Jian
Xom
Yredelemnul
Zin
The Shining One

Shops:
D:7 :

Annotations:
D:1 1 transporter
D:8 Gastronok


Innate Abilities, Weirdness & Mutations

You are too large for most types of armour.
You have claws for hands.
Your natural rate of healing is unusually fast.
You are covered in fur. (AC +1)
You have tough skin. (AC +1)


Message History

There is an open door, spattered with blood here.
Items here: (( ))) ††.
Gastronok looks at you while chanting.
You feel yourself slow down.
You scratch Gastronok but do no damage.
The kobold throws a poisoned dart.
The poisoned dart closely misses you.
The kobold throws a poisoned dart.
The poisoned dart barely misses you.
You feel briefly sluggish.
You barely miss Gastronok.
The kobold throws a poisoned dart.
The poisoned dart hits you!
You are poisoned.
You scratch Gastronok but do no damage.
You feel very sick.
The kobold throws a poisoned dart.
The poisoned dart hits you!
You are more poisoned.
Gastronok bites you!!
You claw Gastronok!
Gastronok is lightly wounded.
You feel very sick.
Gastronok waves his eye-stalks in wide circles.
The air twists around and strikes you!!
You are too injured to fight recklessly!
You are too injured to fight recklessly!
You are too injured to fight recklessly!
You claw Gastronok!
Gastronok is lightly wounded.
You feel very sick.
You claw Gastronok!
Gastronok is moderately wounded.
You feel very sick.
The kobold throws a poisoned dart.
The poisoned dart barely misses you.
Gastronok looks at you and mumbles some strange words.
You feel as though you will be slow longer.
The kobold throws a poisoned dart.
The poisoned dart misses you.
You claw Gastronok!
Gastronok is moderately wounded.
You feel sick.
Gastronok waves his eye-stalks in wide circles.
The air twists around and strikes you!!
You die...

≈§.≈≈≈≈......
....§.§.........#
.≈§≈≈≈§≈.........#
.≈.§...≈.≈§........#
.≈.§§_.≈.§....?....#
.≈.≈...≈.§.#........
.≈.≈≈≈≈§K≈.#........
≈....§.K§)#)w......
.≈≈≈§§≈≈§≈))@.......
...........#......$.
#####....##########
#................ +...
#................ #...
#................ #...
##...>.##...#######
+#...
########...#............
#....#............


You could see Gastronok (swift) and 2 kobolds.

Vanquished Creatures
  Prince Ribbit (D:8)
  An orc warrior (D:6)
  2 black bears
  3 ice beasts
  An ogre (D:4)
  A sky beast (D:7)
  2 centaurs (D:8)
  A phantom (D:4)
  A kobold brigand (D:8)
  4 bullfrogs
  2 scorpions (D:6)
  A gnoll sergeant (D:6)
  A necrophage (D:6)
  3 wights (D:6)
  3 howler monkeys
  3 hounds
  A quasit (D:4)
  A jelly (D:7)
  A gnoll bouda (D:7)
  2 orc priests (D:6)
  6 iguanas
  3 orc wizards
  10 gnolls
  12 adders
  5 shadow imps
  5 white imps
  An ufetubus (D:5)
  6 worms
  4 dart slugs
  21 orcs
  7 endoplasms
  A giant cockroach (D:4)
  8 goblins
  4 hobgoblins
  6 jackals
  14 kobolds
  3 quokkas
  7 ball pythons
  4 bats
  2 frilled lizards (D:1)
  3 rats
167 creatures vanquished.

Vanquished Creatures (others)
  2 demonic plants (D:4)
2 creatures vanquished.

Grand Total: 169 creatures vanquished

Notes
Turn   | Place    | Note
-------+----------+-------------------------------------------
     0 | D:1      | mistaj the Troll Monk began the quest for the Orb.
     0 | D:1      | Reached XP level 1. HP: 22/22 MP: 0/0
   142 | D:1      | Reached XP level 2. HP: 29/29 MP: 1/1
   703 | D:2      | Reached XP level 3. HP: 37/37 MP: 2/2
   935 | D:2      | Reached skill level 4 in Unarmed Combat
   972 | D:2      | Reached XP level 4. HP: 43/45 MP: 3/3
  1129 | D:2      | Found a faded altar of an unknown god.
  1344 | D:3      | Noticed a centaur
  1545 | D:3      | Found a snail-covered altar of Cheibriados.
  1551 | D:3      | Reached XP level 5. HP: 54/54 MP: 4/4
  1835 | D:3      | Reached skill level 5 in Unarmed Combat
  2057 | D:4      | Reached XP level 6. HP: 35/63 MP: 5/5
  2226 | D:4      | Found a stormy altar of Qazlal.
  2333 | D:4      | Reached skill level 5 in Fighting
  2333 | D:4      | Reached skill level 6 in Unarmed Combat
  2341 | D:4      | Reached XP level 7. HP: 72/72 MP: 6/6
  2719 | D:4      | Found a glowing silver altar of Zin.
  2752 | D:5      | Entered Level 5 of the Dungeon
  3022 | D:5      | Reached skill level 7 in Unarmed Combat
  3052 | D:5      | Found a hide-covered altar of Uskayaw.
  3124 | D:5      | Found a blossoming altar of Fedhas.
  3140 | D:5      | Found a staircase to the Ecumenical Temple.
  3149 | Temple   | Entered the Ecumenical Temple
  3156 | Temple   | Became a worshipper of Warmaster Okawaru
  3156 | Temple   | Reached * piety under Okawaru
  3156 | Temple   | Reached ** piety under Okawaru
  3198 | D:5      | Reached XP level 8. HP: 80/83 MP: 7/7
  3703 | D:6      | Reached skill level 8 in Unarmed Combat
  3709 | D:6      | Reached skill level 1 in Shields
  4065 | D:6      | Found a sparkling altar of Nemelex Xobeh.
  4283 | D:6      | Reached *** piety under Okawaru
  4544 | D:6      | Reached XP level 9. HP: 48/93 MP: 8/8
  4949 | D:7      | Found Segun's Book Shop.
  4984 | D:7      | Found a glowing golden altar of the Shining One.
  5001 | D:7      | Found a basalt altar of Yredelemnul.
  5692 | D:7      | Reached skill level 9 in Unarmed Combat
  5934 | D:8      | Reached **** piety under Okawaru
  5998 | D:8      | Found a staircase to the Lair.
  6032 | D:8      | Found a broken altar of Ashenzari.
  6087 | D:8      | Found an ornate altar of the Wu Jian Council.
  6090 | D:8      | Noticed Prince Ribbit
  6094 | D:8      | Noticed Gastronok
  6118 | D:8      | Killed Prince Ribbit
  6132 | D:8      | Killed from afar by Gastronok

Illustrated notes

Levels and vault maps discovered:
D:1:      spicycebolla_arrival_risky_transporter, layout_loops_ring
D:2:      minmay_door_path, layout_basic, shapermc_ecumenical_altar_mp_highgroup
D:3:      layout_basic, lemuel_tele_altar, lightli_corner_chamber
D:4:      minmay_skewed_foursquare, layout_rooms, kennysheep_little_box,
          grunt_qazlal_clouds, serial_demonic, serial_demonic_f,
          serial_demonic_c, serial_demonic_c, serial_demonic_f
D:5:      minmay_general_purpose_star, layout_basic,
          mainiacjoe_overflow_alcove_4, mainiacjoe_overflow_paths,
          minmay_temple_entry_sparse_star, minivault_4
D:6:      layout_basic, mainiacjoe_overflow_catwalk
D:7:      layout_basic, tso_metal_star, overflow_temple_1_default, serial_shops,
          shop
D:8:      layout_gridville, mainiacjoe_overflow_brackets,
          mainiacjoe_overflow_concentric_impassable,
          nicolae_hepliaklqana_hippocampus, lair_entry_dummy, uniq_gastronok,
          uniq_prince_ribbit1
Temple:   hellmonk_temple_micro_hex

Skill      XL: |  1  2  3  4  5  6  7  8  9 |
---------------+----------------------------+-----
Fighting       | 3 4 5 6 7 |  7.7
Unarmed Combat | 4 5 6 7 8 9 |  9.3
Shields        | 2 4 |  4.1
Dodging        | |  2.4
Stealth        | |  1.0

Action                     |  1- 3 |  4- 6 |  7- 9 || total
---------------------------+-------+-------+-------++-------
  Melee: Unarmed           |    82 |   124 |   303 ||   509
         Punch             |     2 |     2 |     3 ||     7
    Use: Scroll            |       |     4 |    15 ||    19
   Stab: Sleeping          |     4 |     1 |     3 ||     8
 Armour: Robe              |    13 |    47 |    76 ||   136
  Dodge: Dodged            |    37 |    83 |   122 ||   242
  Block: Kite shield       |       |       |    62 ||    62

Table legend: (Time is in decaauts)
 A = Elapsed time spent in this place.
 B = Non-inter-level travel time spent in this place.
 C = Inter-level travel time spent in this place.
 D = Time resting spent in this place.
 E = Time spent auto-exploring this place.
 F = Levels seen in this place.
 G = Mean time per level.
                   A        B        C        D        E       F      G
               +--------+--------+--------+--------+--------+-----+--------+
         Total |   6100 |   5977 |    123 |    683 |   3921 |   9 |  677.8 |
       Dungeon |   6085 |   5968 |    117 |    683 |   3921 |   8 |  760.6 |
        Temple |     14 |      8 |      6 |      0 |      0 |   1 |   14.0 |
               +--------+--------+--------+--------+--------+-----+--------+

Top non-repeatable levels by time:
     D:6: 1277 daAuts
     D:7: 1191 daAuts
     D:3: 861 daAuts
     D:2: 674 daAuts
     D:5: 662 daAuts
     D:1: 629 daAuts
     D:4: 565 daAuts
     D:8: 222 daAuts
  Temple: 14 daAuts
